TOP OF THE 1ST |
Paris Cubs batting - Pitching for Trois-Riveres Aigles : RHP Jason Cheek
|
Pitching: RHP Jason Cheek
|
|
Batting: RHB Du Kim
|
0-0: Ball 1-0: Swinging Strike 1-1: Foul Ball, location: 2F 1-2: Ball 2-2: Foul Ball, location: 2F 2-2: Foul Ball, location: 2F 2-2: Strikes out looking
|
Batting: RHB Puluke Konane
|
0-0: Called Strike 0-1: Swinging Strike 0-2: Foul Ball, location: 2F 0-2: Ball 1-2: Ball 2-2: Ball 3-2: Foul Ball, location: 2F 3-2: Ground out U3 (Groundball, 34, EV 89.4 MPH)
|
Batting: LHB Emir Jalil
|
0-0: Ball 1-0: Called Strike 1-1: Called Strike 1-2: Ground out 6-3 (Groundball, 6, EV 92.5 MPH)
|
Top of the 1st over - 0 runs, 0 hits, 0 errors, 0 left on base; Paris 0 - Trois-Riveres 0 |
BOTTOM OF THE 1ST |
Trois-Riveres Aigles batting - Pitching for Paris Cubs : RHP Bogdan Sdobnyakov
|
Pitching: RHP Bogdan Sdobnyakov
|
|
Batting: LHB Harris Vink
|
0-0: Ball 1-0: Called Strike 1-1: Ground out 4-3 (Groundball, 4, EV 92.5 MPH)
|
Batting: SHB Dave Reynoso
|
0-0: Called Strike 0-1: Ball 1-1: Ground out 4-3 (Groundball, 34, EV 99.4 MPH)
|
Batting: RHB Sesto Carpini
|
0-0: Foul Ball, location: 2F 0-1: Ball 1-1: Ball 2-1: Ball 3-1: Base on Balls
|
Batting: LHB Oscar Curiel
|
0-0: Foul Ball, location: 2F 0-1: Fielders Choice at 2nd, 6-4 (Groundball, 4M, EV 93.8 MPH)
|
Bottom of the 1st over - 0 runs, 0 hits, 0 errors, 1 left on base; Paris 0 - Trois-Riveres 0 |
TOP OF THE 2ND |
Paris Cubs batting - Pitching for Trois-Riveres Aigles : RHP Jason Cheek
|
Batting: RHB Ricardo Aguinaga
|
0-0: Ball 1-0: Ball 2-0: Ground out 4-3 (Groundball, 4, EV 88.1 MPH)
|
Batting: RHB Brad Santanello
|
0-0: Ball 1-0: Swinging Strike 1-1: Foul Ball, location: 2F 1-2: Foul Ball, location: 2F 1-2: Ball 2-2: Strikes out swinging
|
Batting: RHB Khalil Stephens
|
0-0: Swinging Strike 0-1: Ball 1-1: Ball 2-1: Foul Ball, location: 2F 2-2: Ground out 6-3 (Groundball, 6, EV 81.3 MPH)
|
Top of the 2nd over - 0 runs, 0 hits, 0 errors, 0 left on base; Paris 0 - Trois-Riveres 0 |
BOTTOM OF THE 2ND |
Trois-Riveres Aigles batting - Pitching for Paris Cubs : RHP Bogdan Sdobnyakov
|
Batting: RHB Jose Arriola
|
0-0: Called Strike 0-1: Ball 1-1: Foul Ball, location: 2F 1-2: Strikes out looking
|
Batting: RHB Dave Galloway
|
0-0: Foul Ball, location: 2F 0-1: Reached on error, E7 (Flyball, 7, EV 76.3 MPH)
|
Batting: RHB Nelle Lommen
|
0-0: SINGLE (Line Drive, 5D, EV 106.3 MPH) Dave Galloway to second
|
Batting: RHB Jason Penfield
|
0-0: Called Strike 0-1: Ball 1-1: SINGLE (Groundball, 6MD, EV 103.8 MPH) Dave Galloway to third Nelle Lommen to second
|
Batting: RHB Josh Harmon
|
0-0: Called Strike 0-1: Ball 1-1: Swinging Strike 1-2: Foul Ball, location: 2F 1-2: Hit by Pitch Dave Galloway scores Nelle Lommen to third Jason Penfield to second
|
Batting: LHB Harris Vink
|
0-0: Ball 1-0: Called Strike 1-1: Swinging Strike 1-2: Ball 2-2: Strikes out swinging
|
Batting: SHB Dave Reynoso
|
0-0: Ball 1-0: Ball 2-0: Foul Ball, location: 2F 2-1: Foul Ball, location: 2F 2-2: Strikes out swinging
|
Bottom of the 2nd over - 1 run, 2 hits, 1 error, 3 left on base; Paris 0 - Trois-Riveres 1 |
TOP OF THE 3RD |
Paris Cubs batting - Pitching for Trois-Riveres Aigles : RHP Jason Cheek
|
Batting: RHB Denis Rachin
|
0-0: Ball 1-0: Ball 2-0: Called Strike 2-1: Ball 3-1: Fly out, F8 (Flyball, 8LM, EV 78.1 MPH)
|
Batting: RHB Josh Burns
|
0-0: DOUBLE (Line Drive, 9LD, EV 104.4 MPH)
|
Batting: RHB Alvaro Romero
|
0-0: Called Strike 0-1: Called Strike 0-2: Ball 1-2: 2-RUN HOME RUN (Flyball, 9LD, EV 96.3 MPH), Distance : 357 ft
|
Batting: RHB Du Kim
|
0-0: Called Strike 0-1: Ball 1-1: Ball 2-1: Fly out, F5 (Popup, 5S, EV 71.3 MPH)
|
Batting: RHB Puluke Konane
|
0-0: Called Strike 0-1: Ball 1-1: Ball 2-1: Ball 3-1: Swinging Strike 3-2: TRIPLE (Flyball, 8LXD, EV 101.3 MPH)
|
Batting: LHB Emir Jalil
|
0-0: SINGLE (Line Drive, 6MD, EV 104.4 MPH) Puluke Konane scores
|
Batting: RHB Ricardo Aguinaga
|
0-0: Called Strike 0-1: Ball 1-1: Called Strike 1-2: Strikes out swinging
|
Top of the 3rd over - 3 runs, 4 hits, 0 errors, 1 left on base; Paris 3 - Trois-Riveres 1 |
BOTTOM OF THE 3RD |
Trois-Riveres Aigles batting - Pitching for Paris Cubs : RHP Bogdan Sdobnyakov
|
Batting: RHB Sesto Carpini
|
0-0: Called Strike 0-1: Ball 1-1: Called Strike 1-2: Strikes out swinging
|
Batting: LHB Oscar Curiel
|
0-0: Called Strike 0-1: Ball 1-1: Ball 2-1: Ball 3-1: Foul Ball, location: 2F 3-2: Base on Balls
|
Batting: RHB Jose Arriola
|
0-0: Ball 1-0: Swinging Strike 1-1: Ball 2-1: Swinging Strike 2-2: Foul Ball, location: 2F 2-2: Fielders Choice at 2nd, 4-6 (Groundball, 4M, EV 77.5 MPH)
|
Batting: RHB Dave Galloway
|
0-0: Ball 1-0: Foul Ball, location: 2F 1-1: Ball Jose Arriola steals 2nd base 2-1: Ground out 1-3 (Groundball, 13S, EV 70.6 MPH)
|
Bottom of the 3rd over - 0 runs, 0 hits, 0 errors, 1 left on base; Paris 3 - Trois-Riveres 1 |
TOP OF THE 4TH |
Paris Cubs batting - Pitching for Trois-Riveres Aigles : RHP Jason Cheek
|
Batting: RHB Brad Santanello
|
0-0: DOUBLE (Flyball, 8LXD, EV 106.9 MPH)
|
Batting: RHB Khalil Stephens
|
0-0: Called Strike 0-1: Ball 1-1: Ground out 6-3 (Groundball, 6M, EV 85.0 MPH) Brad Santanello to third
|
Batting: RHB Denis Rachin
|
0-0: Called Strike 0-1: Foul Ball, location: 2F 0-2: Ball 1-2: Strikes out swinging
|
Batting: RHB Josh Burns
|
0-0: Called Strike 0-1: Ball 1-1: Ball 2-1: Ball 3-1: Foul Ball, location: 2F 3-2: Fly out, F7 (Flyball, 7LM, EV 96.3 MPH)
|
Top of the 4th over - 0 runs, 1 hit, 0 errors, 1 left on base; Paris 3 - Trois-Riveres 1 |
BOTTOM OF THE 4TH |
Trois-Riveres Aigles batting - Pitching for Paris Cubs : RHP Bogdan Sdobnyakov
|
Batting: RHB Nelle Lommen
|
0-0: Foul Ball, location: 2F 0-1: Ball 1-1: Fly out, F4 (Flyball, 4D, EV 85.6 MPH)
|
Batting: RHB Jason Penfield
|
0-0: Ball 1-0: Called Strike 1-1: Foul Ball, location: 2F 1-2: Foul Ball, location: 2F 1-2: Ground out 6-3 (Groundball, 6, EV 106.9 MPH)
|
Batting: RHB Josh Harmon
|
0-0: Called Strike 0-1: Ball 1-1: Ground out 6-3 (Groundball, 6M, EV 111.9 MPH)
|
Bottom of the 4th over - 0 runs, 0 hits, 0 errors, 0 left on base; Paris 3 - Trois-Riveres 1 |
TOP OF THE 5TH |
Paris Cubs batting - Pitching for Trois-Riveres Aigles : RHP Jason Cheek
|
Batting: RHB Alvaro Romero
|
0-0: Ball 1-0: Called Strike 1-1: Foul Ball, location: 2F 1-2: Strikes out swinging
|
Batting: RHB Du Kim
|
0-0: Called Strike 0-1: Foul Ball, location: 2F 0-2: Ball 1-2: Ball 2-2: Ball 3-2: Foul Ball, location: 2F 3-2: Ground out 6-3 (Groundball, 56, EV 81.3 MPH)
|
Batting: RHB Puluke Konane
|
0-0: Called Strike 0-1: Ball 1-1: Foul Ball, location: 2F 1-2: Foul Ball, location: 2F 1-2: Strikes out swinging
|
Top of the 5th over - 0 runs, 0 hits, 0 errors, 0 left on base; Paris 3 - Trois-Riveres 1 |
BOTTOM OF THE 5TH |
Trois-Riveres Aigles batting - Pitching for Paris Cubs : RHP Bogdan Sdobnyakov
|
Batting: LHB Harris Vink
|
0-0: Ball 1-0: Called Strike 1-1: Ball 2-1: Called Strike 2-2: Foul Ball, location: 2F 2-2: Strikes out swinging, 2-3 out at first.
|
Batting: SHB Dave Reynoso
|
0-0: Foul Ball, location: 2F 0-1: Foul Ball, location: 2F 0-2: Ball 1-2: Strikes out swinging
|
Batting: RHB Sesto Carpini
|
0-0: Called Strike 0-1: Ball 1-1: Called Strike 1-2: Ball 2-2: Strikes out swinging
|
Bottom of the 5th over - 0 runs, 0 hits, 0 errors, 0 left on base; Paris 3 - Trois-Riveres 1 |
TOP OF THE 6TH |
Paris Cubs batting - Pitching for Trois-Riveres Aigles : RHP Jason Cheek
|
Batting: LHB Emir Jalil
|
0-0: Ball 1-0: Swinging Strike 1-1: Ball 2-1: Foul Ball, location: 2F 2-2: Strikes out swinging
|
Batting: RHB Ricardo Aguinaga
|
0-0: Called Strike 0-1: Foul Ball, location: 2F 0-2: Ball 1-2: Ground out 6-3 (Groundball, 6MS, EV 68.1 MPH)
|
Batting: RHB Brad Santanello
|
0-0: Ground out 5-3 (Groundball, 5S, EV 63.8 MPH)
|
Top of the 6th over - 0 runs, 0 hits, 0 errors, 0 left on base; Paris 3 - Trois-Riveres 1 |
BOTTOM OF THE 6TH |
Trois-Riveres Aigles batting - Pitching for Paris Cubs : RHP Bogdan Sdobnyakov
|
Batting: LHB Oscar Curiel
|
0-0: Ball 1-0: Called Strike 1-1: Ball 2-1: Swinging Strike 2-2: Ball 3-2: Foul Ball, location: 2F 3-2: Base on Balls
|
Batting: RHB Jose Arriola
|
0-0: SINGLE (Groundball, 56, EV 106.9 MPH) (infield hit) Oscar Curiel to second
|
Batting: RHB Dave Galloway
|
0-0: Swinging Strike 0-1: Ball 1-1: Swinging Strike 1-2: Strikes out swinging
|
Batting: RHB Nelle Lommen
|
0-0: Called Strike 0-1: Ball 1-1: Fly out, F4 (Popup, 4S, EV 73.1 MPH)
|
Batting: RHB Jason Penfield
|
0-0: SINGLE (Groundball, 6D, EV 108.1 MPH) Oscar Curiel to third Jose Arriola to second Runner from 3rd tries for Home, SAFE, throw by CF to home
|
Now in CF: Bill Holmes
|
|
Batting: RHB Josh Harmon
|
0-0: Ball 1-0: Called Strike 1-1: Ground out U3 (Groundball, 3, EV 104.4 MPH)
|
Bottom of the 6th over - 1 run, 2 hits, 0 errors, 2 left on base; Paris 3 - Trois-Riveres 2 |
TOP OF THE 7TH |
Paris Cubs batting - Pitching for Trois-Riveres Aigles : RHP Jason Cheek
|
Batting: RHB Khalil Stephens
|
0-0: Called Strike 0-1: Called Strike 0-2: Ball 1-2: SOLO HOME RUN (Flyball, 7D, EV 104.4 MPH), Distance : 402 ft
|
Batting: RHB Denis Rachin
|
0-0: Swinging Strike 0-1: Ball 1-1: Foul Ball, location: 2F 1-2: Strikes out swinging
|
Pitching: LHP Micah Adams
|
|
Batting: RHB Josh Burns
|
0-0: Called Strike 0-1: Ball 1-1: Foul Ball, location: 2F 1-2: Foul Ball, location: 2F 1-2: Fly out, F8 (Flyball, 78D, EV 101.9 MPH)
|
Batting: RHB Alvaro Romero
|
0-0: Foul Ball, location: 2F 0-1: Ball 1-1: Called Strike 1-2: Ball 2-2: Strikes out swinging
|
Top of the 7th over - 1 run, 1 hit, 0 errors, 0 left on base; Paris 4 - Trois-Riveres 2 |
BOTTOM OF THE 7TH |
Trois-Riveres Aigles batting - Pitching for Paris Cubs : RHP Bogdan Sdobnyakov
|
Batting: LHB Harris Vink
|
0-0: Called Strike 0-1: Called Strike 0-2: Ball 1-2: Ball 2-2: DOUBLE (Flyball, 89XD, EV 110.6 MPH)
|
Batting: SHB Dave Reynoso
|
0-0: Ball 1-0: Foul Ball, location: 2F 1-1: Ball 2-1: Swinging Strike 2-2: Foul Ball, location: 2F 2-2: Strikes out swinging
|
Batting: RHB Sesto Carpini
|
0-0: Ball 1-0: Ball 2-0: Ball 3-0: Called Strike 3-1: Base on Balls
|
Pitching: LHP Jose Urena
|
|
Batting: LHB Oscar Curiel
|
0-0: Ball 1-0: Ball 2-0: Swinging Strike 2-1: Swinging Strike 2-2: Strikes out swinging
|
Batting: RHB Jose Arriola
|
0-0: Ball 1-0: Ground out U3 (Groundball, 23, EV 89.4 MPH)
|
Bottom of the 7th over - 0 runs, 1 hit, 0 errors, 2 left on base; Paris 4 - Trois-Riveres 2 |
TOP OF THE 8TH |
Paris Cubs batting - Pitching for Trois-Riveres Aigles : LHP Micah Adams
|
Pitching: LHP Tim Pulliam
|
|
Batting: RHB Bill Holmes
|
0-0: Fly out, F8 (Line Drive, 8RM, EV 93.8 MPH)
|
Batting: RHB Puluke Konane
|
0-0: Swinging Strike 0-1: Ball 1-1: SINGLE (Line Drive, 34D, EV 101.3 MPH)
|
Batting: LHB Emir Jalil
|
0-0: Called Strike 0-1: Grounds into double play, 5-4-3 (Groundball, 56, EV 101.9 MPH)
|
Top of the 8th over - 0 runs, 1 hit, 0 errors, 0 left on base; Paris 4 - Trois-Riveres 2 |
BOTTOM OF THE 8TH |
Trois-Riveres Aigles batting - Pitching for Paris Cubs : LHP Jose Urena
|
Batting: RHB Dave Galloway
|
0-0: Ball 1-0: Foul Ball, location: 2F 1-1: Swinging Strike 1-2: Ball 2-2: Strikes out swinging
|
Batting: RHB Nelle Lommen
|
0-0: Ball 1-0: Ball 2-0: Foul Ball, location: 2F 2-1: SINGLE (Line Drive, 89S, EV 101.3 MPH)
|
Batting: RHB Jason Penfield
|
0-0: Called Strike 0-1: 2-RUN HOME RUN (Flyball, 9LD, EV 90.6 MPH), Distance : 342 ft
|
Batting: LHB Dave Northam
|
0-0: Ball 1-0: Ball 2-0: Foul Ball, location: 2F 2-1: DOUBLE (Line Drive, 78D, EV 109.4 MPH)
|
Pinch Hitting: RHB T.J. Spina
|
0-0: Intentional Walk
|
Batting: SHB Dave Reynoso
|
0-0: Ball 1-0: Ball 2-0: Ball 3-0: Called Strike 3-1: Base on Balls Dave Northam to third T.J. Spina to second
|
Batting: RHB Sesto Carpini
|
0-0: Ball 1-0: Called Strike 1-1: SINGLE (Line Drive, 9S, EV 92.5 MPH) Dave Northam scores T.J. Spina to third Dave Reynoso to second Runner from 3rd tries for Home, SAFE, throw by RF to home
|
Batting: LHB Oscar Curiel
|
0-0: Ball 1-0: Ball 2-0: Called Strike 2-1: Ball 3-1: Called Strike 3-2: Fly out, F2 (Popup, 2R, EV 89.4 MPH)
|
Batting: RHB Jose Arriola
|
0-0: 3-RUN HOME RUN (Flyball, 7D, EV 98.1 MPH), Distance : 400 ft
|
Batting: RHB Dave Galloway
|
0-0: Swinging Strike 0-1: Foul Ball, location: 2F 0-2: Ball 1-2: Ball 2-2: Ball 3-2: Foul Ball, location: 2F 3-2: Foul Ball, location: 2F 3-2: SINGLE (Groundball, 6D, EV 105.6 MPH)
|
Batting: RHB Nelle Lommen
|
0-0: Ball 1-0: Called Strike 1-1: Foul Ball, location: 2F 1-2: Strikes out swinging
|
Bottom of the 8th over - 7 runs, 6 hits, 0 errors, 1 left on base; Paris 4 - Trois-Riveres 9 |
TOP OF THE 9TH |
Paris Cubs batting - Pitching for Trois-Riveres Aigles : LHP Tim Pulliam
|
Now in CF: Darryl Gonnella
|
|
Batting: RHB Ricardo Aguinaga
|
0-0: SOLO HOME RUN (Flyball, 7D, EV 102.5 MPH), Distance : 400 ft
|
Batting: RHB Brad Santanello
|
0-0: Ball 1-0: Ball 2-0: Ground out 5-3 (Groundball, 56, EV 95.0 MPH)
|
Batting: RHB Khalil Stephens
|
0-0: Ball 1-0: Called Strike 1-1: Foul Ball, location: 2F 1-2: Strikes out swinging
|
Batting: RHB Denis Rachin
|
0-0: Hit by Pitch
|
Batting: RHB Josh Burns
|
0-0: Ball 1-0: Called Strike 1-1: Foul Ball, location: 2F 1-2: Strikes out swinging
|
Top of the 9th over - 1 run, 1 hit, 0 errors, 1 left on base; Paris 5 - Trois-Riveres 9 |
|